 Dungeon Crawl Stone Soup version 0.26.1-11-gd32895ea62 (webtiles) character file.

Game seed: 887290001863485060

165 nothank2 the Digger (level 5, -8/38 HPs)
             Began as a Draconian Earth Elementalist on July 9, 2021.
             Killed by divine providence
             ... invoked by an orc priest
              (13 damage)
             ... on level 3 of the Dungeon.
             The game lasted 00:07:34 (3312 turns).

nothank2 the Digger (Draconian Earth Elementalist)  Turns: 3312, Time: 00:07:34

Health: -8/38      AC:  5    Str: 10    XL:     5   Next: 21%
Magic:  9/9        EV: 12    Int: 17    God:
Gold:   159        SH:  0    Dex: 11    Spells: 6/10 levels left

rFire    . . .     SeeInvis .   d - -1 spear (curse)
rCold    . . .     Faith    .   (no shield)
rNeg     . . .     Spirit   .   (armour unavailable)
rPois    .         Reflect  .   (helmet restricted)
rElec    .         Harm     .   (no cloak)
rCorr    .         Rampage  .   (no gloves)
Will     .....                  (no boots)
Stlth    ++........             (no amulet)
HPRegen  0.12/turn              (no ring)
MPRegen  0.11/turn              (no ring)

@: no status effects
A: unfitting armour, cold-blooded, AC +5
a: no special abilities


You were on level 3 of the Dungeon.
You visited 1 branch of the dungeon, and saw 3 of its levels.

You collected 159 gold pieces.

Inventory:

Hand Weapons
 a - a +0 whip
 c - a +1 dagger of venom
 d - a cursed -1 spear (weapon)
 l - a +1 scythe of protection
Missiles
 b - 22 stones
 k - 15 poisoned darts
Wands
 i - a wand of flame (24)
 j - a wand of iceblast (3)
Scrolls
 e - 4 scrolls of identify
 h - a scroll of teleportation
Potions
 f - 2 potions of curing
 g - a potion of flight
 m - a potion of lignification {unknown}


   Skills:
 - Level 1.7 Dodging
 - Level 1.7 Stealth
 + Level 3.2 Spellcasting
 + Level 1.9 Conjurations
 - Level 2.0 Transmutations
 + Level 4.2 Earth Magic


You had 6 spell levels left.
You knew the following spells:

 Your Spells              Type           Power        Failure   Level
a - Sandblast             Erth           34%          3%          1
b - Stone Arrow           Conj/Erth      26%          14%         3

Your spell library contained the following spells:

 Spells                   Type           Power        Failure   Level
 Passwall                 Tmut/Erth      10%          7%          2
 Petrify                  Tmut/Erth      13%          43%         4
 Lee's Rapid Deconstruct  Erth           8%           63%         5


Dungeon Overview and Level Annotations

Branches:
Dungeon (3/15)

Altars:
Ru
Zin


Innate Abilities, Weirdness & Mutations

Your plain brown scales are hard. (AC +5)
You cannot fit into any form of body armour.
You are cold-blooded and may be slowed by cold attacks.


Message History

The orc misses you. The orc closely misses you. The orc barely misses you.
The orc closely misses you. The orc barely misses you.
The orc priest invokes the aid of Beogh against you.
Beogh smites you!
The orc priest looks satisfied for a moment.
The orc hits you but does no damage.
The orc priest looks satisfied for a moment.
The orc completely misses you. The orc closely misses you.
The orc priest mumbles some strange prayers to Beogh against you.
Beogh smites you!
* * * LOW HITPOINT WARNING * * *
The orc barely misses you.
You feel yourself speed up.
The orc priest invokes the aid of Beogh against you.
Beogh smites you!
You die...

#.##......#.#...##
#.........#.##...#
#################.....#o##.#.#
#......(....<# ##'####.##..)#
....########.# #.# ##.###..#
....# ####'#####.###.o# #.>#
...(# #.......##......# ##.#
....# #.......######..####.#
#+###
#).....(@.oo.o..#....#### ..#
#.##'###...o..[....)....# ..#
#.##.# #.##.##..#.#.###.# ..#
#.##.# #.##.##..#.#.# #.# ..#
#.##.# #.##.##..#.#.# #.#
..#######.##.# #.##.##..#.#.#
#.#
........#.##.###.##.##..#.#.#
#.#
.######.#.##..............#.#
#.# .# #.#...........##..#.#.#
#..


You could see an orc priest and 3 orcs.

Vanquished Creatures
  An orc wizard (D:3)
  6 adders
  A white imp (D:2)
  3 worms
  A dart slug (D:2)
  2 leopard geckos (D:3)
  5 orcs (D:3)
  A giant cockroach (D:2)
  4 goblins
  4 hobgoblins
  5 jackals (D:1)
  A quokka (D:3)
  A ball python (D:2)
  4 bats
  6 frilled lizards
  12 kobolds
  9 rats
66 creatures vanquished.

Notes
Turn   | Place    | Note
-------+----------+-------------------------------------------
     0 | D:1      | nothank2 the Draconian Earth Elementalist began the quest
                  | for the Orb.
     0 | D:1      | Reached XP level 1. HP: 14/14 MP: 3/3
   309 | D:1      | Reached XP level 2. HP: 20/20 MP: 3/5
  1277 | D:2      | Reached XP level 3. HP: 22/26 MP: 1/6
  1385 | D:2      | Learned a level 3 spell: Stone Arrow
  1523 | D:2      | Reached XP level 4. HP: 33/33 MP: 3/8
  1689 | D:2      | Found a glowing silver altar of Zin.
  1700 | D:2      | Reached skill level 1 in Conjurations
  1804 | D:2      | Found a sacrificial altar of Ru.
  2088 | D:2      | Reached skill level 4 in Earth Magic
  3262 | D:3      | Reached XP level 5. HP: 32/38 MP: 3/9
  3312 | D:3      | Killed from afar by an orc priest

Illustrated notes

Levels and vault maps discovered:
D:1:      mrwooster_arrival_statue_2, layout_loops_ring, dk_noncrumbling_4,
          chequers_serial_rivers_large_b, minmay_cut_off
D:2:      layout_basic, lemuel_round_altar, zin_treasury
D:3:      layout_basic

Skill      XL: |  1  2  3  4 |
---------------+-------------+-----
Transmutations | 2 |  2.0
Conjurations   | 1 |  1.9
Spellcasting   | 3 |  3.2
Earth Magic    | 4 |  4.2
Dodging        | |  1.7
Stealth        | |  1.7

Action                   |  1- 3 |  4- 6 || total
-------------------------+-------+-------++-------
Melee: Whip              |    31 |       ||    31
       Spear             |    21 |     7 ||    28
       Tailslap          |     4 |       ||     4
 Cast: Sandblast         |    37 |    52 ||    89
  Use: Scroll            |     2 |     3 ||     5
 Stab: Sleeping          |     2 |     2 ||     4
Armor: Skin              |    19 |     5 ||    24
Dodge: Dodged            |    31 |    23 ||    54
